AoeStats
← wxm

Arabia

509357837Analyzed
1v1 RM · 6d ago on Sep 26, 2026· 28m 1s· 2 players
Game mode
Random Map
Map size
Tiny (2 player)
Population
200
Speed
Normal
Resources
Standard
Victory
Conquest
Starting age
Dark Age
Ending age
Imperial Age
RankedLock teamsTeams togetherTeam positionsShared explorationLock speedFull tech treeHidden civsTurbo modeCheats
Victory
Defeat
🇷🇴 Magyars · Romania
414
+15
🇨🇳 Spanish · China
397
-15
wxm
11:28 Feudal Age
12:51 Wheelbarrow
12:32 Horse Collar
14:02 Double-Bit Axe
22:17 Man-at-Arms
25:27 Scale Barding Armor
25:22 Padded Archer Armor
27:35 Bloodlines
27:30 Scale Mail Armor
FlashCelRau
11:28 Feudal Age
11:39 Loom
12:49 Double-Bit Axe
12:48 Horse Collar
14:06 Wheelbarrow
15:23 Bloodlines
22:56 Castle Age
21:16 Fletching
24:53 Husbandry
24:17 Light Cavalry
27:43 Bodkin Arrow
27:59 Thumb Ring
28:22 Gold Mining
Connection lost

Rejoining the realm…

Still unreachable

The connection could not be restored.

Session expired

The server has moved on; the page needs a fresh start.